 Dungeon Crawl Stone Soup version 0.19.5 (webtiles) character file.

52062 joaoluisp the Severer (level 14, 0/127 HPs)
             Began as a Minotaur Berserker on May 16, 2017.
             Was the Champion of Trog.
             Slain by a six-headed hydra (12 damage)
             ... on level 11 of the Dungeon.
             The game lasted 01:52:34 (17671 turns).

joaoluisp the Severer (Minotaur Berserker)         Turns: 17671, Time: 01:52:35

Health: 0/127      AC: 14    Str: 29    XL:     14   Next: 25%
Magic:  13/13      EV: 24    Int:  6    God:    Trog [******]
Gold:   928        SH:  3    Dex: 13    Spells: 0 memorised, 13 levels left

rFire  . . .     SeeInvis +     C - +2 flail (protect)
rCold  . . .     Gourm    .     p - +1 ring mail of Tulips {MP-9 Slay+5} (curse)
rNeg   + + +     Faith    .     (no shield)
rPois  .         Spirit   .     (helmet restricted)
rElec  .         Reflect  +     X - +0 cloak
rCorr  .         Harm     .     (no gloves)
MR     +....                    e - +0 pair of boots "Deoru" {+Blink +Fly MP+9 Str+3}
Stlth  ++........               o - amulet of Acziolat {Reflect +Blink +Inv rN+++ Dex-3 SH+3}
                                E - +5 ring of evasion
                                t - +2 ring of protection

@: agile, exhausted, slowed, drained, very slow
A: retaliatory headbutt, horns 2, see invisible, clever 1, subdued magic 1
a: Berserk, Trog's Hand, Brothers in Arms, Burn Spellbooks, Renounce Religion,
Evoke Blink, Evoke Invisibility, Evoke Flight


You were on level 11 of the Dungeon.
You worshipped Trog.
Trog was exalted by your worship.
You were not hungry.

You visited 3 branches of the dungeon, and saw 18 of its levels.
You also visited: Labyrinth and Sewer.

You collected 1416 gold pieces.
You spent 488 gold pieces at shops.

Inventory:

Hand Weapons
 g - the +6 long sword "Ovumyrph" {drain, *Contam rC+ Str+3}
   (You found it on level 2 of the Lair of Beasts)

   A truly terrible weapon, it drains the life of those it strikes.
   It affects your strength (+3).
   It protects you from cold.
   It causes magical contamination when unequipped.
 C - a +2 flail of protection (weapon)
 I - a +4 lajatang of electrocution
 O - a +5 battleaxe of chopping
 Q - a +1 antimagic executioner's axe
 W - a +0 arbalest
Missiles
 j - 140 bolts
Armour
 b - +0 mottled dragon scales
 e - the +0 pair of boots "Deoru" (worn) {+Blink +Fly MP+9 Str+3}
   (You acquired it on level 1 of the Lair of Beasts)

   It affects your strength (+3).
   It affects your magic capacity (+9).
   It lets you fly.
   It lets you blink.
 p - the cursed +1 ring mail of Tulips (worn) {MP-9 Slay+5}
   (You found it on level 11 of the Dungeon)

   It affects your accuracy and damage with ranged weapons and melee attacks
   (+5).
   It affects your magic capacity (-9).
   It has a curse placed upon it.
 D - a +4 plate armour
 R - a +0 scale mail of magic resistance
 X - a +0 cloak (worn)
Jewellery
 n - an uncursed amulet of regeneration
 o - the amulet of Acziolat (around neck) {Reflect +Blink +Inv rN+++ Dex-3 SH+3}
   (You bought it in a shop on level 10 of the Dungeon)

   [amulet of reflection]

   It shields you and reflects attacks.
   It affects your dexterity (-3).
   It renders you almost immune to negative energy.
   It lets you turn invisible.
   It lets you blink.
   It affects your SH (+3).
 t - a +2 ring of protection (left hand)
 E - a +5 ring of evasion (right hand)
 K - a +4 ring of strength
 L - an uncursed ring of poison resistance
 V - an uncursed ring of protection from fire
Wands
 f - a wand of flame (33/48)
 q - a wand of confusion (28/48)
 G - a wand of enslavement (12/24)
 J - a wand of acid (15/15)
 M - a wand of lightning (8/15)
 N - a wand of polymorph (16/24)
 T - a wand of paralysis (10/24)
 U - a wand of slowing (18/48)
 Z - a wand of iceblast (9/15)
Scrolls
 d - 3 scrolls of teleportation
 k - a scroll of magic mapping
 u - 2 scrolls of enchant weapon
 y - 4 scrolls of blinking
 A - 2 scrolls of recharging
 Y - 2 scrolls of remove curse
Potions
 a - a potion of might
 i - a potion of berserk rage
 l - 7 potions of haste
 r - 4 potions of brilliance
 s - 2 potions of flight
 x - a potion of heal wounds
 P - a potion of agility
 S - 9 potions of curing
Miscellaneous
 H - a lamp of fire
Comestibles
 c - 13 bread rations
 h - 4 beef jerkies
 m - 8 meat rations


   Skills:
 + Level 12.7(12.0) Fighting
 + Level 16.8(16.2) Axes
 - Level 3.2(11.9) Maces & Flails
 * Level 7.4(7.2) Staves
 + Level 16.5(15.7) Armour
 + Level 5.4(4.9) Dodging
 + Level 1.3(0.8) Stealth
   Level 6.9(6.3) Shields


You had 13 spell levels left.
You didn't know any spells.

Dungeon Overview and Level Annotations

Branches:
Dungeon (11/15)            Temple (1/1) D:5            Lair (6/6) D:10
 Shoals (0/4) Lair:4        Snake (0/4) Lair:3        Slime (0/5) Lair:5
    Orc: D:9-12

Altars:
Ashenzari
Cheibriados
Dithmenos
Elyvilon
Fedhas
Gozag
Hepliaklqana
Kikubaaqudgha
Makhleb
Nemelex Xobeh
Okawaru
Qazlal
Ru
Sif Muna
Trog
Uskayaw
Vehumet
Xom
Yredelemnul
Zin
The Shining One

Shops:
D:5 %   D:6 *   D:10 ****%


Innate Abilities, Weirdness & Mutations

You reflexively headbutt those who attack you in melee.
You have a pair of horns on your head.
You have supernaturally acute eyesight. (SInv)
Your mind is acute. (Int +2)
Your spells are a little easier to cast, but a little less powerful.


Message History

You feel much better. The six-headed hydra misses you.
The six-headed hydra closely misses you.
The six-headed hydra bites you.
* * * LOW HITPOINT WARNING * * *
The six-headed hydra misses you.
You block the six-headed hydra's attack.
The six-headed hydra bites you!
* * * LOW HITPOINT WARNING * * *
The six-headed hydra closely misses you.
The six-headed hydra barely misses you.
The six-headed hydra closely misses you.
The six-headed hydra bites you but does no damage.
You block the six-headed hydra's attack.
The six-headed hydra bites you but does no damage.
There isn't anything here!
Unknown command.
There isn't anything here!
You feel agile all of a sudden. The six-headed hydra misses you.
The six-headed hydra bites you!
You die...

######### #.......##
##.....(... ≈≈.##
#####.........#
≈≈≈♣..##......@D......
##♣≈≈.#.(......)...#####
#.♣P..####...(.....#...
#.#.#.# #.#.......#.#.#
#.#.#.# #.##...##...#}
#.#.#.####.##..## .#.#.#
...........##..# .#....
.#..#...>..........####
.#...######.##..## ..


You could see a six-headed hydra.

Vanquished Creatures
  A minotaur (Lab)
  A fire dragon (Lair:6)
  6 hydras
  An ice dragon (Lair:6)
  A tengu warrior (D:10)
  Nergalle (D:10)
  4 unseen horrors
  An orc knight (D:11)
  A lindwurm (Lair:6)
  A hill giant (D:10)
  2 manticores
  2 ugly things (D:11)
  3 wolf spiders (Lair:5)
  Maurice (D:8)
  8 elephants
  5 black mambas
  13 spiny frogs
  6 torpor snails (Lair:6)
  6 komodo dragons
  4 rime drakes
  3 polar bears
  2 trolls
  6 hornets (Lair:6)
  Prince Ribbit (D:5)
  4 tyrant leeches (Lair:6)
  25 blink frogs
  5 dream sheep (Lair:4)
  4 hippogriffs
  4 redbacks (Lab)
  A spriggan (D:7)
  2 wyverns
  25 yaks
  6 basilisks
  2 steam dragons (Lair:6)
  8 hungry ghosts
  A vampire mosquito (D:10)
  Menkaure (D:5)
  2 mottled dragons (Lair:6)
  9 nagas (Lair:3)
  9 water moccasins
  6 porcupines
  2 black bears
  4 orc warriors
  A swamp drake (Lair:6)
  3 sky beasts
  An ice beast (D:5)
  5 ogres
  A phantom (D:11)
  9 wolves
  A necrophage (D:10)
  3 centaurs
  13 crocodiles
  2 big kobolds
  5 bullfrogs
  Blork the orc (D:5)
  3 scorpions
  5 killer bees (D:10)
  3 wights (D:6)
  9 howler monkeys
  An electric eel (Lair:5)
  4 crimson imps
  5 hounds
  2 centaur zombies (D:11)
  4 jellies
  2 bullfrog skeletons
  2 centaur skeletons (Lab)
  6 iguanas
  9 orc wizards
  5 worker ants
  2 hound zombies (D:10)
  A hound skeleton (D:8)
  27 adders
  A river rat (D:10)
  2 shadow imps
  An ooze (Lair:5)
  An adder skeleton (D:9)
  3 worms
  2 dart slugs (D:1)
  6 leopard geckos
  37 orcs
  9 bats
  6 giant cockroaches
  7 goblins
  6 hobgoblins
  20 jackals
  19 kobolds
  4 quokkas
  3 ball pythons (Sewer)
  15 frilled lizards
  A giant cockroach zombie (D:5)
  17 rats
  2 bushes (Lair:5)
  A butterfly (Lair:2)
  14 fungi
  48 plants
560 creatures vanquished.

Vanquished Creatures (others)
  3 crocodiles (Lair:6)
  A jelly (Lair:5)
  2 bushes (Lair:5)
  22 fungi
  33 plants
61 creatures vanquished.

Grand Total: 621 creatures vanquished

Notes
Turn   | Place    | Note
-------+----------+-------------------------------------------
     0 | D:1      | joaoluisp the Minotaur Berserker began the quest for the Orb.
     0 | D:1      | Reached XP level 1. HP: 19/19 MP: 0/0
   291 | D:1      | Reached XP level 2. HP: 27/27 MP: 1/1
   628 | D:1      | Reached XP level 3. HP: 26/33 MP: 2/2
   888 | D:2      | Reached ** piety under Trog
   904 | D:2      | Found a shattered altar of Ashenzari.
  1491 | D:2      | Found a burning altar of Makhleb.
  1498 | D:2      | Reached XP level 4. HP: 41/41 MP: 3/3
  1659 | D:3      | Found a radiant altar of Vehumet.
  2421 | D:3      | Reached XP level 5. HP: 47/47 MP: 4/4
  2421 | D:3      | Reached skill level 5 in Axes
  2558 | D:3      | Found a bloodstained altar of Trog.
  2728 | D:4      | Found a glowing drain.
  2775 | Sewer    | Entered a sewer
  2818 | Sewer    | Reached skill level 5 in Armour
  2879 | Sewer    | Reached *** piety under Trog
  3107 | D:4      | Reached XP level 6. HP: 50/53 MP: 5/5
  3637 | D:5      | Entered Level 5 of the Dungeon
  3644 | D:5      | Noticed Blork the orc
  3656 | D:5      | Killed Blork the orc
  3661 | D:5      | Got a vibrating golden ring
  3744 | D:5      | Reached skill level 5 in Fighting
  3744 | D:5      | Reached XP level 7. HP: 37/61 MP: 6/6
  3798 | D:5      | Found Vaonethu's Food Shoppe.
  3813 | D:5      | Noticed Menkaure
  3819 | D:5      | Killed Menkaure
  3925 | D:5      | Noticed Prince Ribbit
  3926 | D:5      | Found a staircase to the Ecumenical Temple.
  3965 | Temple   | Entered the Ecumenical Temple
  4072 | D:5      | Killed Prince Ribbit
  4254 | D:5      | Reached XP level 8. HP: 70/70 MP: 7/7
  4573 | D:6      | Reached **** piety under Trog
  4580 | D:6      | Reached skill level 1 in Stealth
  4906 | D:6      | Found Syibastiado's General Store.
  5104 | D:6      | Found a bloodstained altar of Trog.
  5412 | D:7      | Reached XP level 9. HP: 76/78 MP: 8/8
  5488 | D:7      | Found a stormy altar of Qazlal.
  5922 | D:7      | You fall through a shaft for 2 floors!
  6049 | D:9      | Found a sparkling altar of Nemelex Xobeh.
  6084 | D:9      | Found a blossoming altar of Fedhas.
  6100 | D:9      | Reached skill level 1 in Maces & Flails
  6100 | D:9      | Reached skill level 10 in Armour
  6269 | D:8      | Identified a scroll of acquirement
  6385 | D:8      | Reached skill level 10 in Axes
  6408 | D:8      | Noticed Maurice
  6422 | D:8      | Killed Maurice
  6476 | D:8      | Identified the ring of Anitedion {EV+5 Dex+6} (You found it on level 5 of the Dungeon)
  7180 | D:9      | Found a glowing silver altar of Zin.
  7265 | D:9      | Noticed a troll
  7276 | D:9      | Killed a troll
  7330 | D:9      | Reached XP level 10. HP: 88/88 MP: 9/9
  7474 | D:9      | Reached ***** piety under Trog
  7582 | D:10     | Entered Level 10 of the Dungeon
  7622 | D:10     | Found Nuuchezxer's Assorted Antiques.
  7625 | D:10     | Bought a scroll labeled UWNOLA HAPS for 32 gold pieces
  7649 | D:10     | Found a staircase to the Lair.
  7707 | D:10     | Found Yggomn's Assorted Antiques.
  7734 | D:10     | Bought a scroll labeled PUCSOCAJUSK for 29 gold pieces
  7805 | D:10     | Noticed a manticore
  7822 | D:10     | Killed a manticore
  7844 | D:10     | Found Ubysony's General Store.
  7846 | D:10     | HP: 4/88 [poisoned by an orc wizard]
  7855 | D:10     | Bought a potion of curing for 33 gold pieces
  7855 | D:10     | Bought a scroll of fog for 22 gold pieces
  7987 | D:10     | Found Plog's Assorted Antiques.
  7987 | D:10     | Noticed Nergalle
  8005 | D:10     | Killed Nergalle
  8049 | D:10     | Killed an unseen horror
  8049 | D:10     | Received a gift from Trog
  8115 | D:10     | Noticed a hill giant
  8116 | D:10     | Killed a hill giant
  8366 | D:10     | Reached XP level 11. HP: 80/95 MP: 10/10
  8558 | D:10     | Noticed a tengu warrior
  8565 | D:10     | Killed a tengu warrior
  9008 | D:10     | Found Penilar's Food Shop.
  9291 | Lair:1   | Entered Level 1 of the Lair of Beasts
  9307 | Lair:1   | Got a pair of distressingly furry boots
  9313 | Lair:1   | Identified the +0 pair of boots "Deoru" {+Blink +Fly MP+9 Str+3} (You acquired it on level 1 of the Lair of Beasts)
 10352 | Lair:2   | Reached skill level 10 in Fighting
 10633 | Lair:2   | Noticed a six-headed hydra
 10646 | Lair:2   | Killed a seven-headed hydra
 10963 | Lair:2   | Got a dazzling long sword
 10964 | Lair:2   | Identified the +6 long sword "Ovumyrph" {drain, *Contam rC+ Str+3} (You found it on level 2 of the Lair of Beasts)
 11619 | Lair:3   | Noticed a four-headed hydra
 11625 | Lair:3   | Killed a four-headed hydra
 11625 | Lair:3   | Reached skill level 1 in Shields
 11625 | Lair:3   | Reached XP level 12. HP: 100/107 MP: 11/11
 11834 | Lair:3   | Received a gift from Trog
 11950 | Lair:3   | Found a staircase to the Snake Pit.
 12741 | Lair:4   | Found a labyrinth entrance.
 12761 | Lab      | Entered a labyrinth
 12822 | Lab      | Reached skill level 15 in Axes
 13719 | Lab      | Noticed a minotaur
 13723 | Lab      | Killed a minotaur
 13723 | Lab      | Reached skill level 5 in Shields
 13786 | Lair:4   | Found a staircase to the Shoals.
 13818 | Lair:4   | Reached skill level 15 in Armour
 13912 | Lair:4   | Noticed a six-headed hydra
 13921 | Lair:4   | Killed a seven-headed hydra
 14161 | Lair:5   | Reached XP level 13. HP: 95/116 MP: 12/12
 14170 | Lair:5   | Received a gift from Trog
 14414 | Lair:5   | Reached skill level 1 in Staves
 14595 | Lair:5   | Found a staircase to the Slime Pits.
 15263 | Lair:6   | Entered Level 6 of the Lair of Beasts
 15312 | Lair:6   | Reached skill level 5 in Staves
 15383 | Lair:6   | Noticed a fire dragon
 15660 | Lair:6   | Killed a fire dragon
 16100 | Lair:6   | Found a snail-covered altar of Cheibriados.
 16335 | Lair:6   | Reached skill level 5 in Dodging
 16527 | Lair:6   | Found a runed door.
 16546 | Lair:6   | Reached ****** piety under Trog
 16579 | Lair:6   | Reached XP level 14. HP: 70/126 MP: 13/13
 16742 | Lair:6   | Gained mutation: You have supernaturally acute eyesight. (SInv) [potion of mutation]
 16742 | Lair:6   | Gained mutation: Your spells are a little easier to cast, but a little less powerful. [potion of mutation]
 16742 | Lair:6   | Gained mutation: Your mind is acute. (Int +2) [potion of mutation]
 17068 | D:10     | Bought a scroll of identify for 58 gold pieces
 17077 | D:10     | Bought a black potion for 26 gold pieces
 17077 | D:10     | Bought a brown potion for 26 gold pieces
 17234 | D:10     | Bought a scroll of remove curse for 33 gold pieces
 17297 | D:10     | Bought a metallic black potion for 26 gold pieces
 17297 | D:10     | Bought a wavering garnet amulet for 145 gold pieces
 17297 | D:10     | Bought a scroll of identify for 58 gold pieces
 17299 | D:10     | Identified the amulet of Acziolat {Reflect +Blink +Inv rN+++ Dex-3 SH+3} (You bought it in a shop on level 10 of the Dungeon)
 17573 | D:11     | Got an encrusted ring mail
 17585 | D:11     | Identified the cursed +1 ring mail of Tulips {MP-9 Slay+5} (You found it on level 11 of the Dungeon)
 17671 | D:11     | Slain by a six-headed hydra

Skill      XL: |  1  2  3  4  5  6  7  8  9 10 11 12 13 14 |
---------------+-------------------------------------------+-----
Axes           | 4 5 6 7 9 10 12 14 15 16 | 16.8
Fighting       | 4 5 6 7 8 10 11 12 | 12.7
Armour         | 3 4 5 6 8 9 11 12 14 15 16 | 16.5
Dodging        | 3 4 5 |  5.4
Stealth        | 1 |  1.3
Maces & Flails | 2 3 |  3.2
Shields        | 1 5 6 |  6.9
Staves         | 6 7 |  7.4

Action                   |  1- 3 |  4- 6 |  7- 9 | 10-12 | 13-15 || total
-------------------------+-------+-------+-------+-------+-------++-------
Melee: Hand axe          |    99 |   119 |   170 |       |       ||   388
       Headbutt          |    11 |    21 |    62 |   153 |   166 ||   413
       Battleaxe         |       |       |    64 |   374 |   124 ||   562
       Flail             |       |       |    29 |    62 |   307 ||   398
       Dire flail        |       |       |       |    76 |       ||    76
       Executioner's axe |       |       |       |    17 |       ||    17
       Lajatang          |       |       |       |       |    74 ||    74
Invok: Berserk           |     1 |     3 |     6 |     6 |     8 ||    24
       Burn Spellbooks   |       |       |       |     2 |     1 ||     3
  Use: Scroll            |     5 |     6 |     6 |    22 |     7 ||    46
       Potion            |       |       |     1 |     7 |    10 ||    18
  Eat: Chunk             |     2 |     7 |    14 |    11 |     9 ||    43
       Bread ration      |       |     1 |     1 |     2 |     1 ||     5
       Pizza             |       |       |     1 |       |       ||     1
       Fruit             |       |       |       |    11 |    11 ||    22
       Meat ration       |       |       |       |     1 |       ||     1
       Beef jerky        |       |       |       |       |     2 ||     2
Armor: Chain mail        |    74 |    75 |   102 |       |       ||   251
       Animal skin       |     1 |       |       |       |       ||     1
       Plate armour      |       |       |    92 |   375 |   314 ||   781
       Ring mail         |       |       |       |       |    22 ||    22
Dodge: Dodged            |    56 |    73 |   172 |   392 |   444 ||  1137
Block: Buckler           |       |       |       |     1 |       ||     1
       Other             |       |       |       |       |    14 ||    14
       Reflection        |       |       |       |       |     1 ||     1
